TOP OF THE 1ST |
Tri-City ValleyCats batting - Pitching for Spokane Indians : RHP Raul Sanchez
|
Pitching: RHP Raul Sanchez
|
|
Batting: LHB Bruce Arvizu
|
0-0: Ball 1-0: Swinging Strike 1-1: Foul Ball, location: 2F 1-2: Strikes out swinging
|
Batting: RHB Drew Coleman
|
0-0: Fly out, F8 (Flyball, 89XD, EV 90.6 MPH)
|
Batting: RHB Dinand Brouwer
|
0-0: Swinging Strike 0-1: Swinging Strike 0-2: Ball 1-2: Strikes out swinging
|
Top of the 1st over - 0 runs, 0 hits, 0 errors, 0 left on base; Tri-City 0 - Spokane 0 |
BOTTOM OF THE 1ST |
Spokane Indians batting - Pitching for Tri-City ValleyCats : RHP James Browning
|
Pitching: RHP James Browning
|
|
Batting: RHB Danny Odom
|
0-0: Ball 1-0: Called Strike 1-1: Ball 2-1: SINGLE (Groundball, 56D, EV 100.6 MPH)
|
Batting: RHB Josh Whitmore
|
0-0: Called Strike Danny Odom steals 2nd base 0-1: Ball 1-1: SINGLE (Line Drive, 78M, EV 102.5 MPH) Danny Odom to third
|
Batting: RHB Mike Thornton
|
0-0: Ball 1-0: Called Strike 1-1: Fielders Choice at 2nd, 6-4 (Groundball, 6D, EV 99.4 MPH) Danny Odom scores
|
Batting: LHB Nick Foutz
|
0-0: Called Strike 0-1: Called Strike 0-2: Strikes out swinging
|
Batting: RHB Dennis Daniels
|
0-0: SINGLE (Line Drive, 89S, EV 98.1 MPH) Mike Thornton to second
|
Batting: LHB Mike Sammons
|
0-0: Called Strike 0-1: Called Strike 0-2: Ground out 4-3 (Groundball, 4, EV 103.8 MPH)
|
Bottom of the 1st over - 1 run, 3 hits, 0 errors, 2 left on base; Tri-City 0 - Spokane 1 |
TOP OF THE 2ND |
Tri-City ValleyCats batting - Pitching for Spokane Indians : RHP Raul Sanchez
|
Batting: RHB Erik Smith
|
0-0: Ball 1-0: Foul Ball, location: 2F 1-1: Called Strike 1-2: Strikes out looking
|
Batting: LHB Wade Girard
|
0-0: Called Strike 0-1: Foul Ball, location: 2F 0-2: Strikes out swinging
|
Batting: LHB Tomas de Zeeuw
|
0-0: Called Strike 0-1: SINGLE (Groundball, 4MD, EV 94.4 MPH)
|
Batting: RHB Steve Moore
|
0-0: Called Strike 0-1: Ball 1-1: Foul Ball, location: 2F 1-2: Strikes out swinging
|
Top of the 2nd over - 0 runs, 1 hit, 0 errors, 1 left on base; Tri-City 0 - Spokane 1 |
BOTTOM OF THE 2ND |
Spokane Indians batting - Pitching for Tri-City ValleyCats : RHP James Browning
|
Batting: RHB Rick Concha
|
0-0: Called Strike 0-1: Ball 1-1: Foul Ball, location: 2F 1-2: Fly out, F9 (Flyball, 9S, EV 80.0 MPH)
|
Batting: LHB Walter Vegter
|
0-0: Called Strike 0-1: Ball 1-1: SINGLE (Line Drive, 7S, EV 102.5 MPH)
|
Batting: RHB Alex Vazquez
|
0-0: Foul Ball, location: 2F 0-1: SINGLE (Groundball, 56D, EV 98.1 MPH) Walter Vegter to second Runner from 2nd tries for 3rd, SAFE, throw by LF made to third
|
Batting: RHB Danny Odom
|
0-0: Called Strike Alex Vazquez is caught stealing 2nd base 2-4 0-1: Ball 1-1: Ball 2-1: Ball 3-1: Foul Ball, location: 2F 3-2: Strikes out swinging
|
Bottom of the 2nd over - 0 runs, 2 hits, 0 errors, 1 left on base; Tri-City 0 - Spokane 1 |
TOP OF THE 3RD |
Tri-City ValleyCats batting - Pitching for Spokane Indians : RHP Raul Sanchez
|
Batting: RHB To-wai Chen
|
0-0: Ball 1-0: Foul Ball, location: 2F 1-1: Called Strike 1-2: Strikes out looking
|
Batting: RHB Darius Mitchell
|
0-0: Ball 1-0: Called Strike 1-1: Called Strike 1-2: Strikes out swinging
|
Batting: LHB Bruce Arvizu
|
0-0: Called Strike 0-1: Ball 1-1: SINGLE (Groundball, 34D, EV 103.1 MPH)
|
Batting: RHB Drew Coleman
|
0-0: Ground out 4-3 (Groundball, 4, EV 83.8 MPH)
|
Top of the 3rd over - 0 runs, 1 hit, 0 errors, 1 left on base; Tri-City 0 - Spokane 1 |
BOTTOM OF THE 3RD |
Spokane Indians batting - Pitching for Tri-City ValleyCats : RHP James Browning
|
Batting: RHB Josh Whitmore
|
0-0: Ball 1-0: Foul Ball, location: 2F 1-1: Ground out 5-3 (Groundball, 56S, EV 87.5 MPH)
|
Batting: RHB Mike Thornton
|
0-0: Ball 1-0: Ball 2-0: Foul Ball, location: 2F 2-1: Foul Ball, location: 2F 2-2: Ball 3-2: Strikes out swinging
|
Batting: LHB Nick Foutz
|
0-0: Ball 1-0: Foul Ball, location: 2F 1-1: Ball 2-1: Ball 3-1: Foul Ball, location: 2F 3-2: Strikes out looking
|
Bottom of the 3rd over - 0 runs, 0 hits, 0 errors, 0 left on base; Tri-City 0 - Spokane 1 |
TOP OF THE 4TH |
Tri-City ValleyCats batting - Pitching for Spokane Indians : RHP Raul Sanchez
|
Batting: RHB Dinand Brouwer
|
0-0: Called Strike 0-1: Called Strike 0-2: Ball 1-2: Ball 2-2: Strikes out swinging
|
Batting: RHB Erik Smith
|
0-0: Swinging Strike 0-1: Called Strike 0-2: Foul Ball, location: 2F 0-2: Strikes out looking
|
Batting: LHB Wade Girard
|
0-0: Ball 1-0: Ground out U3 (Groundball, 23, EV 83.1 MPH)
|
Top of the 4th over - 0 runs, 0 hits, 0 errors, 0 left on base; Tri-City 0 - Spokane 1 |
BOTTOM OF THE 4TH |
Spokane Indians batting - Pitching for Tri-City ValleyCats : RHP James Browning
|
Batting: RHB Dennis Daniels
|
0-0: Swinging Strike 0-1: Ball 1-1: Ball 2-1: Ball 3-1: Foul Ball, location: 2F 3-2: Base on Balls
|
Batting: LHB Mike Sammons
|
0-0: Ball 1-0: Ball 2-0: Ball 3-0: Called Strike 3-1: Called Strike 3-2: Base on Balls Dennis Daniels to second
|
Batting: RHB Rick Concha
|
0-0: Grounds into double play, 6-4-3 (Groundball, 6, EV 84.4 MPH) Dennis Daniels to third
|
Batting: LHB Walter Vegter
|
0-0: DOUBLE (Groundball, 3L, EV 105.6 MPH) Dennis Daniels scores
|
Batting: RHB Alex Vazquez
|
0-0: Foul Ball, location: 2F 0-1: Foul Ball, location: 2F 0-2: Ball 1-2: Ball 2-2: Ball 3-2: DOUBLE (Groundball, 5L, EV 98.8 MPH) Walter Vegter scores
|
Batting: RHB Danny Odom
|
0-0: Swinging Strike 0-1: Ball 1-1: Ball 2-1: Swinging Strike 2-2: Strikes out swinging
|
Bottom of the 4th over - 2 runs, 2 hits, 0 errors, 1 left on base; Tri-City 0 - Spokane 3 |
TOP OF THE 5TH |
Tri-City ValleyCats batting - Pitching for Spokane Indians : RHP Raul Sanchez
|
Batting: LHB Tomas de Zeeuw
|
0-0: Called Strike 0-1: Ball 1-1: Ground out 4-3 (Groundball, 34, EV 83.1 MPH)
|
Batting: RHB Steve Moore
|
0-0: Foul Ball, location: 2F 0-1: Ball 1-1: Ball 2-1: Ball 3-1: Foul Ball, location: 2F 3-2: SINGLE (Groundball, 34D, EV 103.8 MPH)
|
Batting: RHB To-wai Chen
|
0-0: Swinging Strike 0-1: Foul Ball, location: 2F 0-2: Ball 1-2: Strikes out swinging
|
Batting: RHB Darius Mitchell
|
0-0: Ball 1-0: Ball 2-0: Fielders Choice at 2nd, 6-4 (Groundball, 6, EV 84.4 MPH)
|
Top of the 5th over - 0 runs, 1 hit, 0 errors, 1 left on base; Tri-City 0 - Spokane 3 |
BOTTOM OF THE 5TH |
Spokane Indians batting - Pitching for Tri-City ValleyCats : RHP James Browning
|
Batting: RHB Josh Whitmore
|
0-0: Called Strike 0-1: Ball 1-1: Foul Ball, location: 2F 1-2: Foul Ball, location: 2F 1-2: Foul Ball, location: 2F 1-2: Ground out 1-3 (Groundball, 13, EV 70.6 MPH)
|
Batting: RHB Mike Thornton
|
0-0: Ball 1-0: Called Strike 1-1: Foul Ball, location: 2F 1-2: Foul Ball, location: 2F 1-2: Ball 2-2: Ball 3-2: Base on Balls
|
Pitching: RHP Addick Huiberts
|
|
Batting: LHB Nick Foutz
|
0-0: Foul Ball, location: 2F 0-1: Ball 1-1: Fielders Choice at 2nd, 4-6 (Groundball, 4, EV 107.5 MPH)
|
Batting: RHB Dennis Daniels
|
0-0: Called Strike Nick Foutz steals 2nd base 0-1: Called Strike 0-2: Ball 1-2: Ball 2-2: Ball 3-2: Base on Balls
|
Batting: LHB Mike Sammons
|
0-0: Ball 1-0: Ball 2-0: Foul Ball, location: 2F 2-1: Ball 3-1: Base on Balls Nick Foutz to third Dennis Daniels to second
|
Batting: RHB Rick Concha
|
0-0: Foul Ball, location: 2F 0-1: Ball 1-1: Ball 2-1: Ball 3-1: Base on Balls Nick Foutz scores Dennis Daniels to third Mike Sammons to second
|
Batting: LHB Walter Vegter
|
0-0: Called Strike 0-1: Foul Ball, location: 2F 0-2: Strikes out swinging
|
Bottom of the 5th over - 1 run, 0 hits, 0 errors, 3 left on base; Tri-City 0 - Spokane 4 |
TOP OF THE 6TH |
Tri-City ValleyCats batting - Pitching for Spokane Indians : RHP Raul Sanchez
|
Batting: LHB Bruce Arvizu
|
0-0: Foul Ball, location: 2F 0-1: Foul Ball, location: 2F 0-2: Strikes out looking
|
Batting: RHB Drew Coleman
|
0-0: Swinging Strike 0-1: Called Strike 0-2: Fly out, F8 (Flyball, 8LD, EV 78.8 MPH)
|
Batting: RHB Dinand Brouwer
|
0-0: Called Strike 0-1: Ball 1-1: Fly out, F8 (Flyball, 8LXD, EV 106.9 MPH)
|
Top of the 6th over - 0 runs, 0 hits, 0 errors, 0 left on base; Tri-City 0 - Spokane 4 |
BOTTOM OF THE 6TH |
Spokane Indians batting - Pitching for Tri-City ValleyCats : RHP Addick Huiberts
|
Batting: RHB Alex Vazquez
|
0-0: Ball 1-0: Ground out 5-3 (Groundball, 5L, EV 81.9 MPH)
|
Batting: RHB Danny Odom
|
0-0: Called Strike 0-1: Ball 1-1: Ball 2-1: SINGLE (Line Drive, 89S, EV 93.8 MPH)
|
Pitching: RHP Robin Yelland
|
|
Batting: RHB Josh Whitmore
|
0-0: Ball 1-0: Foul Ball, location: 2F 1-1: Foul Ball, location: 2F 1-2: Strikes out looking
|
Batting: RHB Mike Thornton
|
0-0: Ball Danny Odom is caught stealing 2nd base 2-4
|
Bottom of the 6th over - 0 runs, 1 hit, 0 errors, 0 left on base; Tri-City 0 - Spokane 4 |
TOP OF THE 7TH |
Tri-City ValleyCats batting - Pitching for Spokane Indians : RHP Raul Sanchez
|
Now at 1B: Jason Swisher
|
|
Batting: RHB Erik Smith
|
0-0: Called Strike 0-1: SINGLE (Groundball, 6MD, EV 104.4 MPH)
|
Batting: LHB Wade Girard
|
0-0: Foul Ball, location: 2F 0-1: Ball 1-1: Called Strike 1-2: Strikes out swinging
|
Batting: LHB Tomas de Zeeuw
|
0-0: Foul Ball, location: 2F 0-1: Called Strike 0-2: Fly out, F7 (Flyball, 7D, EV 89.4 MPH)
|
Batting: RHB Steve Moore
|
0-0: Ball 1-0: Called Strike 1-1: Swinging Strike 1-2: Ball 2-2: Ball 3-2: Foul Ball, location: 2F 3-2: Base on Balls Erik Smith to second
|
Batting: RHB To-wai Chen
|
0-0: Called Strike 0-1: Ball Wild Pitch! Erik Smith to third Steve Moore to second 1-1: SINGLE (Groundball, 56D, EV 96.9 MPH) Erik Smith scores Steve Moore to third Runner from 3rd tries for Home, throw by LF and OUT! 7-2
|
Top of the 7th over - 1 run, 2 hits, 0 errors, 1 left on base; Tri-City 1 - Spokane 4 |
BOTTOM OF THE 7TH |
Spokane Indians batting - Pitching for Tri-City ValleyCats : RHP Robin Yelland
|
Batting: RHB Mike Thornton
|
0-0: Called Strike 0-1: Swinging Strike 0-2: Ball 1-2: Fly out, F4 (Line Drive, 4M, EV 68.8 MPH)
|
Batting: LHB Nick Foutz
|
0-0: Called Strike 0-1: Ball 1-1: Ball 2-1: Ball 3-1: Foul Ball, location: 2F 3-2: Strikes out swinging, 2-3 out at first.
|
Batting: RHB Dennis Daniels
|
0-0: Called Strike 0-1: Ball 1-1: Ground out 2-3 (Groundball, 13S, EV 68.8 MPH)
|
Bottom of the 7th over - 0 runs, 0 hits, 0 errors, 0 left on base; Tri-City 1 - Spokane 4 |
TOP OF THE 8TH |
Tri-City ValleyCats batting - Pitching for Spokane Indians : RHP Raul Sanchez
|
Batting: RHB Darius Mitchell
|
0-0: Ball 1-0: Fly out, F3 (Popup, 23F, EV 78.8 MPH)
|
Batting: LHB Bruce Arvizu
|
0-0: Swinging Strike 0-1: Foul Ball, location: 2F 0-2: Ball 1-2: Foul Ball, location: 2F 1-2: Strikes out swinging
|
Batting: RHB Drew Coleman
|
0-0: Ball 1-0: Ground out 4-3 (Groundball, 4, EV 86.2 MPH)
|
Top of the 8th over - 0 runs, 0 hits, 0 errors, 0 left on base; Tri-City 1 - Spokane 4 |
BOTTOM OF THE 8TH |
Spokane Indians batting - Pitching for Tri-City ValleyCats : RHP Robin Yelland
|
Batting: LHB Mike Sammons
|
0-0: Ball 1-0: Ball 2-0: Called Strike 2-1: Foul Ball, location: 2F 2-2: Ball 3-2: Foul Ball, location: 2F 3-2: Fly out, F9 (Flyball, 9, EV 87.5 MPH)
|
Batting: RHB Rick Concha
|
0-0: Swinging Strike 0-1: Fly out, F9 (Flyball, 89M, EV 81.2 MPH)
|
Batting: LHB Walter Vegter
|
0-0: Ball 1-0: Ball 2-0: Called Strike 2-1: Swinging Strike 2-2: Ground out 6-3 (Groundball, 6, EV 84.4 MPH)
|
Bottom of the 8th over - 0 runs, 0 hits, 0 errors, 0 left on base; Tri-City 1 - Spokane 4 |
TOP OF THE 9TH |
Tri-City ValleyCats batting - Pitching for Spokane Indians : RHP Raul Sanchez
|
Pitching: LHP Chad Dominey
|
|
Batting: RHB Dinand Brouwer
|
0-0: Ball 1-0: Foul Ball, location: 2F 1-1: Foul Ball, location: 2F 1-2: Ball 2-2: Ball 3-2: Strikes out swinging
|
Batting: RHB Erik Smith
|
0-0: Swinging Strike 0-1: Ball 1-1: Foul Ball, location: 2F 1-2: Ball 2-2: Foul Ball, location: 2F 2-2: Foul Ball, location: 2F 2-2: Foul Ball, location: 2F 2-2: Strikes out swinging
|
Batting: LHB Wade Girard
|
0-0: Swinging Strike 0-1: Called Strike 0-2: Strikes out swinging
|
Top of the 9th over - 0 runs, 0 hits, 0 errors, 0 left on base; Tri-City 1 - Spokane 4 |
|